AoeStats
← Jannio

Black Forest

508478892Analyzed
2v2 RM · 9d ago on Sep 22, 2026· 62m 52s· 4 players
Game mode
Random Map
Map size
Medium (4 player)
Population
200
Speed
Normal
Resources
Standard
Victory
Conquest
Starting age
Dark Age
Ending age
Imperial Age
RankedLock teamsTeams togetherTeam positionsShared explorationLock speedFull tech treeHidden civsTurbo modeCheats
Victory
Defeat
🇱🇰 Japanese · Sri Lanka
827
+15
🇩🇪 Khmer · Germany
783
+16
🇸🇪 Random · Sweden
809
-16
🇸🇪 Random · Sweden
791
-15
Jannio
1:09 Loom
11:34 Feudal Age
15:18 Horse Collar
20:28 Castle Age
18:31 Double-Bit Axe
22:17 Wheelbarrow
21:59 Bow Saw
22:43 Heavy Plow
24:19 Stone Mining
24:26 Gold Mining
25:11 Hand Cart
25:55 Stone Shaft Mining
27:58 Caravan
28:48 Gold Shaft Mining
31:24 Pikeman
31:50 Arson
32:15 Scale Barding Armor
32:11 Scale Mail Armor
32:21 Forging
33:43 Chain Barding Armor
33:32 Husbandry
33:43 Bloodlines
36:01 Iron Casting
35:42 Chain Mail Armor
39:18 Imperial Age
38:40 Tusk Swords
40:38 Plate Barding Armor
41:03 Blast Furnace
39:28 Elite Battle Elephant
40:40 Conscription
40:27 Double Crossbow
41:17 Crop Rotation
41:59 Elite Ballista Elephant
44:41 Chemistry
44:08 Ballistics
43:57 Murder Holes
44:22 Halberdier
DonRa
8:56 Loom
11:25 Feudal Age
12:20 Double-Bit Axe
12:12 Man-at-Arms
13:20 Arson
15:45 Scale Mail Armor
17:24 Forging
18:10 Horse Collar
20:32 Wheelbarrow
26:13 Castle Age
27:35 Bow Saw
27:50 Thumb Ring
27:41 Fletching
27:53 Padded Archer Armor
27:49 Town Watch
28:29 Chain Mail Armor
28:59 Heavy Plow
29:44 Bodkin Arrow
33:39 Pikeman
34:40 Bloodlines
34:45 Gold Mining
38:35 Ballistics
38:34 Husbandry
37:58 Light Cavalry
43:28 Imperial Age
41:42 Caravan
42:34 Fishing Lines
45:48 Chemistry
44:45 Murder Holes
44:56 Siege Engineers
45:30 Parthian Tactics
46:07 Hand Cart
47:02 Conscription
48:31 Two-Man Saw
48:34 Hoardings
47:54 Heavy Cavalry Archer
51:12 Elite Skirmisher
52:48 Scale Barding Armor
56:51 Gillnets
59:39 Kataparuto
59:35 Bracer
59:51 Leather Archer Armor
59:44 Squires
62:18 Elite Samurai
FuriousHenry
0:30 Loom
13:59 Feudal Age
14:33 Double-Bit Axe
14:41 Horse Collar
14:28 Man-at-Arms
15:15 Gold Mining
18:08 Bloodlines
20:02 Wheelbarrow
19:17 Town Watch
19:33 Stone Mining
22:53 Scale Mail Armor
25:30 Castle Age
25:29 Forging
25:11 Fletching
25:23 Padded Archer Armor
25:35 Scale Barding Armor
27:48 Squires
27:37 Gambesons
27:16 Long Swordsman
28:23 Bow Saw
29:42 Bodkin Arrow
30:25 Husbandry
31:37 Heavy Plow
32:42 Clerical Recruitment
33:33 Thumb Ring
37:36 Imperial Age
35:38 Leather Archer Armor
37:01 Hand Cart
36:47 Town Patrol
38:23 Gold Shaft Mining
38:14 Chain Barding Armor
38:10 Chain Mail Armor
38:36 Shield Wall
40:22 Ring Archer Armor
39:53 Bracer
39:44 Cranequins
41:41 Chemistry
41:45 Ballistics
41:22 Murder Holes
41:08 Treadmill Crane
41:41 Fortified Wall
42:46 Conscription
42:00 Capped Ram
42:12 Two-Handed Swordsman
42:45 Treadmill Crane
43:11 Siege Engineers
42:52 Arrowslits
43:33 Elite Varangian Guard
44:15 Cavalier
44:26 Pikeman
44:59 Champion
45:28 Halberdier
48:28 Elite Hearth Troop
49:54 Fortified Wall
52:48 Caravan
53:55 Crop Rotation
56:43 Iron Casting
57:26 Two-Man Saw
59:41 Block Printing
61:09 Theocracy
61:46 Illumination
62:56 Sanctity
chrianders
0:36 Loom
12:29 Feudal Age
14:05 Man-at-Arms
16:03 Forging
15:55 Scale Mail Armor
19:06 Horse Collar
19:15 Double-Bit Axe
19:38 Scale Barding Armor
26:37 Castle Age
25:32 Bloodlines
27:33 Wheelbarrow
28:43 Chain Barding Armor
30:46 Bow Saw
31:12 Heavy Plow
32:57 Husbandry
33:37 Iron Casting
36:39 Vendel Legacy
37:21 Fletching
38:11 Bodkin Arrow
39:18 Town Watch
40:48 Hand Cart
42:15 Caravan
45:46 Imperial Age
45:30 Squires
45:54 Chain Mail Armor
46:45 Ballistics
46:23 Murder Holes
46:39 Fortified Wall
47:30 Chemistry
46:29 Cavalier
48:22 Plate Barding Armor
51:00 Elite Varangian Guard
52:53 Blast Furnace
53:00 Arson
53:01 Gambesons
58:58 Plate Mail Armor
58:30 Bracer
61:53 Gold Mining
Connection lost

Rejoining the realm…

Still unreachable

The connection could not be restored.

Session expired

The server has moved on; the page needs a fresh start.